 Dungeon Crawl Stone Soup version 0.29.1-12-g30fa7ad0bf (webtiles) character file.

Game seed: 11442347995313801825

9643 mampy3000 the Cleaver (level 11, -2/97 HPs)
             Began as a Minotaur Berserker on Jan 12, 2023.
             Was an Elder of Trog.
             Slain by a fire elemental (5 damage)
             ... summoned by a deep elf pyromancer
             ... on level 9 of the Dungeon.
             The game lasted 00:25:56 (9943 turns).

mampy3000 the Cleaver (Minotaur Berserker)          Turns: 9943, Time: 00:25:57

Health: -2/97      AC: 22    Str: 25    XL:     11   Next: 25%
Magic:  20/20      EV: 14    Int:  9    God:    Trog [****..]
Gold:   587        SH:  0    Dex: 11    Spells: 10/10 levels left

rFire   . . .      SeeInvis .   y - +1 demon whip (venom)
rCold   . . .      Faith    .   (no shield)
rNeg    . . .      Spirit   .   C - +0 chain mail
rPois   .          Reflect  .   F - +3 hat of Pondering {ponderous, Will+ MP+10 Int+5}
rElec   .          Harm     .   h - +2 cloak
rCorr   +          Rampage  .   t - +0 pair of gloves
Will    +....                   j - +1 pair of boots
Stlth   ..........              (no amulet)
HPRegen 0.26/turn               b - ring of resist corrosion
MPRegen 0.17/turn               x - +4 ring of evasion

@: lethally poisoned (-2 -> -13), about to teleport, on berserk cooldown,
slowed, very slow
A: horns 2, retaliatory headbutt
a: Renounce Religion, Berserk, Trog's Hand, Brothers in Arms


You were on level 9 of the Dungeon.
You worshipped Trog.
Trog was greatly pleased with you.
You visited 1 branch of the dungeon, and saw 9 of its levels.

You collected 587 gold pieces.

Inventory:

Hand Weapons
 a - a +1 hand axe
 o - a +4 battleaxe
 y - a +1 demon whip of venom (weapon)
Missiles
 c - 6 boomerangs (quivered)
 z - 7 poisoned darts
Armour
 h - a +2 cloak (worn)
 j - a +1 pair of boots (worn)
 t - a +0 pair of gloves (worn)
 C - a +0 chain mail (worn)
 F - the +3 hat of Pondering (worn) {ponderous, Will+ MP+10 Int+5}
   (You took it off Gastronok on level 9 of the Dungeon)

   Int:       It affects your intelligence (+5).
   MP:        It affects your magic capacity (+10).
   Will:      It increases your willpower.
Jewellery
 b - a ring of resist corrosion (left hand)
 x - a +4 ring of evasion (right hand)
Wands
 i - a wand of charming (18)
 n - a wand of digging (14)
 A - a wand of roots (5)
 B - a wand of polymorph (5)
Scrolls
 e - a scroll of teleportation
 s - 2 scrolls of enchant armour
 u - a scroll of enchant weapon
 v - 3 scrolls of fear
 D - a scroll of blinking {unknown}
Potions
 f - 4 potions of cancellation
 g - 2 potions of brilliance
 k - 3 potions of curing
 l - 3 potions of haste
 m - 2 potions of magic {unknown}
 p - a potion of berserk rage {unknown}
 q - a potion of flight {unknown}
 r - a potion of invisibility
 w - a potion of lignification {unknown}
 E - a potion of ambrosia {unknown}
 G - a potion of mutation {unknown}


   Skills:
 + Level 9.6 Fighting
 + Level 13.8(13.9) Axes
 + Level 2.6(9.4) Maces & Flails
 + Level 0.1 Throwing
 + Level 11.6 Armour
 + Level 6.2 Dodging
 + Level 1.9 Stealth


You had 10 spell levels left.
You didn't know any spells.
Your spell library was empty.

Dungeon Overview and Level Annotations

Branches:
Dungeon (9/15)             Temple (0/1) D:7
   Lair: D:8-11         Orc: D:9-12

Altars:
Ashenzari
Dithmenos
Makhleb
Trog
Vehumet
Yredelemnul
Zin

Shops:
D:3 *

Annotations:
D:9 2 transporters, Kazon's ghost, novice NaFi


Innate Abilities, Weirdness & Mutations

You have a pair of horns on your head.
You reflexively headbutt those who attack you in melee.


Message History

* * * LOW HITPOINT WARNING * * *
You feel much better.
You feel sick. The fire elemental hits you. The fire elemental burns you!
Kazon's ghost barely misses you.
The deep elf pyromancer hits you but does no damage.
The fire elemental hits you. The fire elemental burns you!
* * * LOW HITPOINT WARNING * * *
Kazon's ghost barely misses you.
The deep elf pyromancer closely misses you.
You furiously retaliate!
You headbutt the deep elf pyromancer.
As you read the scroll of teleportation, it crumbles to dust.
You feel strangely unstable.
You feel sick. The fire elemental hits you. The fire elemental burns you!
* * * LOW HITPOINT WARNING * * *
The deep elf pyromancer hits you but does no damage.
Kazon's ghost closely misses you.
The fire elemental completely misses you.
You furiously retaliate!
You headbutt the fire elemental! You hit Kazon's ghost but do no damage.
Kazon's ghost is heavily damaged.
You feel sick. The fire elemental hits you. The fire elemental burns you!
* * * LOW HITPOINT WARNING * * *
The deep elf pyromancer completely misses you.
You furiously retaliate!
You headbutt the deep elf pyromancer. Kazon's ghost closely misses you.
You barely miss Kazon's ghost.
Kazon's ghost is heavily damaged.
You feel sick. The fire elemental barely misses you. Kazon's ghost misses you.
The deep elf pyromancer hits you with a +0 short sword.
* * * LOW HITPOINT WARNING * * *
The fire elemental hits you. The fire elemental burns you!
* * * LOW HITPOINT WARNING * * *
You hit Kazon's ghost.
Kazon's ghost is heavily damaged.
You feel sick.
The deep elf pyromancer hits you with a +0 short sword.
* * * LOW HITPOINT WARNING * * *
Kazon's ghost hits you but does no damage.
You are lethally poisoned!
The fire elemental hits you. The fire elemental burns you!
You die...

...##.......# ....#.......#
###### ....#.......# #....#
....#.......# #....#
>..........># #....#
....#.......# #....#
............###### #....#
....#........#§E§# #....#
....######...'§W@#####....#
....#######..#§e§##.##....#
....##...#########..##....#
....##...# #...>...##.#.##
........)# #..........#.#
...##....# #........###.#
#........# #........###.#
....#....# ####....###..#
###.#....# #.#..###.##


You could see a deep elf pyromancer, a fire elemental (summoned) and Kazon's
ghost.

Vanquished Creatures
  Gastronok (D:9)
  A two-headed ogre (D:8)
  2 kobold demonologists (D:8)
  A troll (D:9)
  A hornet (D:9)
  Grinder (D:6)
  Eustachio (D:6)
  A wyvern (D:8)
  4 steam dragons
  3 water moccasins
  2 acid dragons
  An orc warrior (D:8)
  3 sky beasts
  2 ice beasts
  6 centaurs
  Blork the orc (D:5)
  A kobold brigand (D:8)
  6 bullfrogs
  3 gnoll sergeants
  5 scorpions
  10 wights
  10 killer bees
  2 howler monkeys
  4 hounds
  2 jellies (D:4)
  Crazy Yiuf (D:5)
  2 gnoll boudas
  An orc priest (D:8)
  Natasha (thrice) (D:4)
  3 iguanas
  5 orc wizards
  A mummy (D:5)
  11 adders
  25 gnolls
  3 white imps
  A worm (D:5)
  3 dart slugs
  15 orcs
  3 ball pythons
  9 endoplasms
  3 giant cockroaches
  5 goblins
  8 hobgoblins
  2 jackals (D:1)
  6 kobolds
  3 quokkas
  3 bats
  5 frilled lizards
  2 hobgoblin zombies (D:5)
  A kobold zombie (D:5)
  An orc zombie (D:5)
  6 rats
205 creatures vanquished.

Vanquished Creatures (collateral kills)
  A centaur warrior (D:9)
  Amaemon (D:9)
  An orange demon (D:9)
3 creatures vanquished.

Grand Total: 208 creatures vanquished

Notes
Turn   | Place    | Note
-------+----------+-------------------------------------------
     0 | D:1      | mampy3000 the Minotaur Berserker began the quest for the
                  | Orb.
     0 | D:1      | Reached XP level 1. HP: 19/19 MP: 0/0
   342 | D:1      | Reached XP level 2. HP: 27/27 MP: 1/1
   398 | D:1      | Reached skill level 4 in Axes
   468 | D:1      | Found a faded altar of an unknown god.
   904 | D:1      | Reached XP level 3. HP: 30/33 MP: 2/2
  1163 | D:2      | Found a basalt altar of Yredelemnul.
  2071 | D:2      | Reached ** piety under Trog
  2207 | D:3      | Reached skill level 5 in Axes
  2292 | D:3      | Reached XP level 4. HP: 40/40 MP: 3/3
  2668 | D:3      | Found Estrerof's General Store.
  3272 | D:4      | Noticed Natasha
  3280 | D:4      | Killed Natasha
  3281 | D:4      | Reached XP level 5. HP: 35/47 MP: 4/4
  3669 | D:4      | Reached skill level 6 in Axes
  3669 | D:4      | Reached XP level 6. HP: 49/53 MP: 5/5
  3703 | D:4      | Reached skill level 1 in Stealth
  4037 | D:4      | Noticed Natasha
  4041 | D:4      | Killed Natasha
  4042 | D:4      | Reached skill level 5 in Armour
  4058 | D:4      | Noticed Natasha
  4072 | D:4      | Killed Natasha
  4412 | D:4      | Reached XP level 7. HP: 60/60 MP: 6/6
  4473 | D:5      | Entered Level 5 of the Dungeon
  4480 | D:5      | Reached skill level 7 in Axes
  4604 | D:5      | Reached *** piety under Trog
  4606 | D:5      | Noticed Blork the orc
  4608 | D:5      | Reached skill level 5 in Fighting
  4755 | D:5      | Killed Blork the orc
  4841 | D:5      | Found a runed translucent door.
  4842 | D:5      | Noticed Crazy Yiuf
  4851 | D:5      | Killed Crazy Yiuf
  5547 | D:5      | Reached XP level 8. HP: 70/70 MP: 7/7
  5659 | D:5      | Found a shadowy altar of Dithmenos.
  5735 | D:6      | Reached skill level 8 in Axes
  6057 | D:6      | Found a broken altar of Ashenzari.
  6217 | D:6      | Noticed Eustachio
  6226 | D:6      | Killed Eustachio
  6364 | D:6      | Reached skill level 9 in Axes
  6409 | D:6      | Noticed Grinder
  6411 | D:6      | Paralysed by Grinder for 5 turns
  6422 | D:6      | Killed Grinder
  6423 | D:6      | Reached XP level 9. HP: 78/78 MP: 8/8
  6648 | D:6      | Found a burning altar of Makhleb.
  6648 | D:6      | Found a bloodstained altar of Trog.
  6850 | D:7      | Found a flagged portal.
  7411 | D:7      | Found a staircase to the Ecumenical Temple.
  7646 | D:8      | Reached skill level 10 in Axes
  7704 | D:8      | Reached skill level 5 in Dodging
  7809 | D:8      | Reached skill level 10 in Armour
  7920 | D:8      | Noticed a two-headed ogre
  7929 | D:8      | Killed a two-headed ogre
  8047 | D:8      | Noticed a kobold demonologist
  8068 | D:8      | Reached XP level 10. HP: 88/88 MP: 9/9
  8076 | D:8      | Reached skill level 11 in Axes
  8455 | D:8      | Found a radiant altar of Vehumet.
  9156 | D:8      | Reached **** piety under Trog
  9157 | D:8      | Reached skill level 12 in Axes
  9332 | D:9      | Noticed a centaur warrior
  9332 | D:9      | Noticed an orange demon
  9344 | D:9      | Noticed Amaemon
  9349 | D:9      | Killed a centaur warrior
  9350 | D:9      | Reached skill level 13 in Axes
  9352 | D:9      | Killed an orange demon
  9355 | D:9      | Killed Amaemon
  9356 | D:9      | Reached XP level 11. HP: 84/97 MP: 10/10
  9479 | D:9      | Noticed Gastronok
  9491 | D:9      | Killed Gastronok
  9492 | D:9      | Reached skill level 1 in Maces & Flails
  9640 | D:9      | Found a glowing silver altar of Zin.
  9642 | D:9      | Found a basalt altar of Yredelemnul.
  9645 | D:9      | Found a transporter.
  9658 | D:9      | Found a transporter.
  9915 | D:9      | Found a runed translucent door.
  9918 | D:9      | Noticed Kazon's ghost (novice NaFi)
  9918 | D:9      | Noticed a deep elf pyromancer
  9943 | D:9      | HP: 3/97 [deep elf pyromancer/+0 short sword (2)]
  9943 | D:9      | Slain by a fire elemental

Illustrated notes

Levels and vault maps discovered:
D:1:      eino_arrival_cavern_a, layout_loops_cross,
          shapermc_ecumenical_altar_flowoftime
D:2:      layout_basic, basic_altar, minmay_crystal_room, grunt_decor_cap,
          roderic_serpentine_path, grunt_decor_clamped
D:3:      minmay_general_purpose_star, layout_basic, serial_shops, shop
D:4:      layout_basic, uniq_natasha
D:5:      layout_cave_pools, lemuel_doored_altar, minmay_mini_ossuary,
          uniq_blork_the_orc, uniq_crazy_yiuf_cottage
D:6:      layout_gridville, mainiacjoe_overflow_catwalk,
          nicolae_overflow_two_pavilions, uniq_eustachio, uniq_grinder
D:7:      layout_loops_ring, temple_hall, enter_bailey_3
D:8:      minmay_s_stair_smasher, layout_loops_corners,
          mainiacjoe_overflow_paths
D:9:      layout_rooms, gammafunk_temple_overflow_arena,
          ebering_ghost_inner_flame, chequers_serial_rivers_micro_d,
          patterned_corridor, uniq_amaemon, uniq_gastronok

Skill      XL: |  1  2  3  4  5  6  7  8  9 10 11 |
---------------+----------------------------------+-----
Axes           | 4 5 6 7 9 10 13 | 13.8
Fighting       | 4 6 8 9 |  9.6
Armour         | 3 4 5 6 8 10 11 | 11.6
Dodging        | 3 4 5 6 |  6.2
Stealth        | 1 |  1.9
Maces & Flails | 2 |  2.6
Throwing       | |  0.1

Action                   |  1- 3 |  4- 6 |  7- 9 | 10-12 || total
-------------------------+-------+-------+-------+-------++-------
Melee: Hand axe          |    85 |   131 |   247 |    99 ||   562
       Punch             |     1 |       |       |     2 ||     3
       Headbutt          |     8 |    20 |    46 |    39 ||   113
       Battleaxe         |       |       |       |    32 ||    32
       Demon whip        |       |       |       |    43 ||    43
Throw: Boomerang         |       |       |       |     1 ||     1
Invok: Berserk           |       |     3 |    10 |     4 ||    17
       Trog's Hand       |       |     2 |     2 |     2 ||     6
       Brothers in Arms  |       |       |       |     1 ||     1
  Use: Scroll            |       |     6 |     9 |     2 ||    17
       Potion            |       |     5 |     1 |     2 ||     8
 Stab: Sleeping          |     2 |       |       |       ||     2
Armor: Animal skin       |     8 |       |       |       ||     8
       Leather armour    |    19 |       |       |       ||    19
       Scale mail        |       |    53 |   126 |    35 ||   214
       Chain mail        |       |       |       |    63 ||    63
Dodge: Dodged            |    45 |    83 |   148 |   165 ||   441
